Map: Neon Violet Square LE

Players

Widgitybear

  • Race: Zerg Zerg
  • League: Diamond
  • Spawn Location: 5:00

IamEXIT - Winner!

  • Race: Terran Terran
  • League: Diamond
  • Spawn Location: 11:00

VOD

Have the link to the VOD?

Description

Time

  • Played on: Jan. 28, 2018, 3:53 p.m.
  • Length: 9:57
Show
View Real Time Build Order
Export as new Build Order

Widgitybear Zerg 

Build Orders: Hatch First 

Get SALT Encoding   

  12  0:02  Drone  
  13  0:13  Overlord  
  13  0:18  Drone  
  14  0:33  Drone  
  14  0:34  Drone  
  14  0:35  Drone  
  17  0:55  Hatchery  
  16  0:57  Drone  
  16  1:00  Drone  
  18  1:12  Extractor  
  17  1:20  Spawning Pool  
  17  1:21  Drone  
  17  1:22  Drone  
  18  1:29  Drone  
  19  1:41  Overlord  
  19  1:55  Drone  
  20  2:06  Queen  
  20  2:07  Queen  
  20  2:08  Zergling x4  
  26  2:15  Metabolic Boost  
  26  2:24  Drone  
  26  2:25  Drone x2  
  26  2:28  Drone  
  30  2:45  Hatchery, Drone x2  
  30  2:50  Drone x2  
  33  2:55  Drone  
  34  3:00  Drone  
  34  3:05  Overlord  
  35  3:13  Drone  
  36  3:23  Zergling x6  
  36  3:24  Drone x2  
  36  3:25  Drone x2  
  42  3:33  Zergling x2  
  43  3:36  Zergling x2  
  43  3:47  Roach Warren  
  42  3:48  Queen  
  42  3:49  Evolution Chamber  
  42  3:55  Overlord  
  43  3:56  Queen, Overlord  
  43  3:57  Overlord  
  43  3:59  Queen  
  47  4:05  Zergling x6  
  50  4:11  Overlord  
  50  4:13  Drone  
  50  4:14  Drone x2  
  53  4:17  Extractor, Drone x2  
  53  4:18  Extractor, Drone  
  53  4:19  Drone x2  
  56  4:39  Overlord  
  56  4:40  Drone x3  
  56  4:41  Drone x2  
  59  5:02  Zergling x12  
  59  5:27  Roach x5  
  59  5:28  Roach x3  
  65  5:32  Zergling x2  
  65  5:36  Queen x2  
  65  5:37  Queen  
  68  5:49  Roach x5  
  67  6:06  Roach x2  
  67  6:08  Drone  
  67  6:09  Drone x3  
  71  6:25  Drone x5  
  62  6:34  Lair  
  62  6:38  Hatchery  
  61  6:48  Drone x2  
  61  6:53  Drone  
  61  6:54  Drone x8  
  68  6:56  Extractor  
  68  6:58  Drone x2  
  73  7:03  Overlord  
  73  7:08  Zerg Ground Armor Level 1  
  73  7:13  Evolution Chamber  
  72  7:18  Drone x3  
  75  7:23  Roach x4  
  83  7:32  Queen  
  83  7:33  Queen  
  83  7:35  Extractor  
  83  7:37  Extractor  
  85  7:40  Overlord x2  
  85  7:41  Infestation Pit  
  85  7:44  Queen  
  86  7:52  Drone x3  
  86  7:53  Drone x3  
  86  7:54  Overlord  
  86  7:57  Drone  
  86  7:58  Drone  
  94  8:04  Roach x3  
  84  8:14  Roach  
  84  8:15  Roach x3  
  84  8:16  Zergling x2  
  84  8:17  Zergling x2  
  74  8:25  Roach  
  74  8:26  Zergling x4  
  64  8:30  Zergling x2  
  61  8:37  Roach x3  
  40  8:49  Roach  
  40  8:50  Roach x2  
  37  9:03  Roach x3  
  37  9:11  Roach  
  37  9:12  Roach  
Show
View Real Time Build Order
Export as new Build Order

IamEXIT Terran - Winner!

Build Orders: Hellion Opening 

Get SALT Encoding   

  12  0:00  SCV  
  13  0:12  SCV  
  14  0:17  Supply Depot  
  14  0:25  SCV  
  15  0:31  Refinery  
  15  0:39  SCV  
  16  0:45  Barracks  
  16  0:51  SCV  
  17  1:03  SCV  
  18  1:15  SCV  
  19  1:32  Reaper, Orbital Command  
  20  1:44  Command Center  
  20  1:56  Factory  
  20  2:00  SCV  
  21  2:07  Supply Depot  
  21  2:09  Barracks Reactor  
  21  2:13  SCV  
  22  2:18  Refinery  
  22  2:26  SCV  
  23  2:38  SCV  
  23  2:44  Ghost Academy  
  24  2:50  SCV  
  25  2:52  Hellion x2  
  25  2:53  Marine  
  30  2:58  Orbital Command  
  30  3:02  SCV  
  31  3:14  Hellion x2  
  35  3:21  Barracks Tech Lab  
  35  3:23  SCV  
  35  3:25  SCV  
  37  3:32  Supply Depot  
  37  3:35  SCV  
  37  3:37  Hellion x2  
  37  3:38  SCV  
  43  3:44  Ghost  
  43  3:47  SCV  
  45  3:51  SCV  
  46  3:57  Supply Depot  
  46  3:59  Hellion, SCV  
  49  4:03  Hellion  
  49  4:05  SCV  
  49  4:08  Supply Depot  
  52  4:12  Ghost  
  54  4:19  SCV  
  54  4:21  SCV, Supply Depot  
  54  4:24  Hellion  
  58  4:26  Hellion  
  58  4:31  Armory  
  60  4:32  SCV  
  60  4:35  SCV  
  62  4:43  Factory  
  62  4:45  SCV, Supply Depot  
  63  4:49  Supply Depot  
  63  4:52  Ghost  
  63  4:56  SCV  
  63  4:57  SCV  
  67  5:01  Hellion  
  67  5:04  Hellion  
  71  5:09  Supply Depot  
  71  5:10  SCV  
  72  5:14  SCV  
  71  5:23  SCV  
  71  5:26  Hellion x2, SCV  
  73  5:32  Factory Reactor  
  73  5:33  Terran Vehicle Weapons Level 1  
  73  5:35  SCV  
  74  5:37  Ghost  
  74  5:39  SCV  
  77  5:47  SCV  
  77  5:48  Command Center  
  78  5:54  SCV  
  75  6:01  SCV  
  75  6:03  Supply Depot  
  72  6:06  SCV  
  72  6:07  Cyclone x2  
  71  6:13  Refinery, SCV  
  71  6:14  Refinery  
  71  6:18  SCV  
  71  6:22  Ghost  
  71  6:23  Hellion x2  
  71  6:25  SCV  
  74  6:30  Supply Depot x2  
  74  6:34  SCV  
  74  6:37  Supply Depot  
  73  6:43  Hellion x2  
  73  6:45  Hellion  
  73  6:46  Factory  
  77  6:49  SCV  
  77  6:54  Ghost  
  78  6:57  SCV  
  81  7:01  SCV  
  81  7:03  Refinery  
  81  7:04  Supply Depot  
  81  7:05  Hellion x2  
  81  7:07  Refinery  
  86  7:09  SCV  
  86  7:12  Factory  
  86  7:13  Factory  
  86  7:15  Hellion x2  
  91  7:18  SCV  
  92  7:30  Hellion x2  
  92  7:31  SCV  
  92  7:32  Orbital Command  
  92  7:33  SCV  
  92  7:36  Factory Tech Lab  
  98  7:40  Terran Vehicle Weapons Level 2  
  98  7:43  SCV  
  99  7:45  Ghost  
  99  7:48  Hellion x2  
  106  7:51  SCV  
  106  7:52  Engineering Bay  
  106  7:55  SCV  
  107  8:02  SCV  
  108  8:06  SCV  
  108  8:10  SCV  
  108  8:11  Factory Tech Lab x2, Hellion x2  
  114  8:15  Hellion x2  
  114  8:16  Siege Tank, SCV  
  120  8:21  SCV  
  120  8:22  SCV  
  120  8:25  Ghost  
  122  8:29  SCV  
  123  8:35  SCV  
  123  8:37  SCV  
  123  8:39  Siege Tank x2  
  123  8:40  Hellion x2  
  133  8:42  SCV  
  137  8:48  Siege Tank  
  137  8:49  Barracks  
  137  8:50  Barracks  
  137  8:55  SCV  
  138  8:58  SCV  
  137  9:03  SCV  
  137  9:05  Hellion x2  
  137  9:07  Ghost  
  144  9:11  Hellion, Thor  
  144  9:13  Supply Depot  
  144  9:14  SCV  
  153  9:19  SCV  
  153  9:22  SCV  
  151  9:26  Hellion x2  
  153  9:36  Supply Depot  
  153  9:37  Supply Depot  
  159  9:38  Supply Depot  
  155  9:46  Barracks Tech Lab x2  
Tags
 
Add a new tag
Caveats
  • Supply blocks, unpowered buildings, or Contaminate may cause inaccurate times.
  • Supply counts are checked every 10 seconds.